 Dungeon Crawl Stone Soup version 0.31.0-9-g3a7656b989 (webtiles) character file.

Game seed: 11936834931400370249

259 qw the Shooter (level 5, 0/27 HPs)
             Began as a Spriggan Hunter on Feb 2, 2024.
             Slain by a gnoll
             ... wielding a +0 spear
              (3 damage)
             ... on level 3 of the Dungeon.
             The game lasted 00:00:08 (1545 turns).

qw the Shooter (Spriggan Hunter)                    Turns: 1545, Time: 00:00:08

Health: 0/27       AC:  2    Str:  7    XL:     5   Next: 94%
Magic:  0/6        EV: 20    Int: 11    God:
Gold:   111        SH:  0    Dex: 20    Spells: 4/4 levels left

rFire   . . .        a - +2 shortbow
rCold   . . .        (shield currently unavailable)
rNeg    . . .        c - +0 robe
rPois   .            (helmet restricted)
rElec   .            (no cloak)
rCorr   .            (gloves unavailable)
SInv    +            (boots unavailable)
Will    .....        g - amulet of guardian spirit
Stlth   ++           (no ring)
HPRegen 0.24/turn    (no ring)
MPRegen 0.10/turn

%: guardian spirit
@: very quick
A: very small, no large weapons, unfitting armour, see invisible, speed 3
a: no special abilities


You were on level 3 of the Dungeon.
You visited 1 branch of the dungeon, and saw 3 of its levels.

You collected 111 gold pieces.


Innate Abilities, Weirdness & Mutations

You are very small and have problems with some larger weapons.
You are too small for most types of armour.
You have supernaturally acute eyesight. (SInv)
You cover ground extremely quickly. (Speed+++)


   Skills:
 - Level 2.3 Fighting
 - Level 6.0 Ranged Weapons
 + Level 5.1 Dodging
 - Level 1.5 Stealth


You had 4 spell levels left.
You didn't know any spells.
Your spell library was empty.

Inventory:

Hand Weapons
 a - a +2 shortbow (weapon)
Armour
 c - a +0 robe (worn)
Jewellery
 g - an amulet of guardian spirit (around neck)
Scrolls
 e - a scroll of enchant armour {unknown}
Potions
 b - a potion of enlightenment {unknown}
 d - a potion of lignification {unknown}
 f - 2 potions of curing

Dungeon Overview and Level Annotations

Branches:
Dungeon (3/15)

Altars:


Message History

You kill the gnoll!
The gnoll closely misses you.
Your Ranged Weapons skill increases to level 6!
You shoot an arrow. The arrow hits the gnoll.
The gnoll is lightly wounded.
The gnoll hits you from afar with a +0 spear.
The gnoll misses you.
You shoot an arrow. The arrow barely misses the gnoll.
The arrow hits the gnoll!
The gnoll is almost dead.
The gnoll completely misses you.
You shoot an arrow. The arrow hits the gnoll.
The gnoll is moderately wounded.
The gnoll hits you from afar with a +0 spear!
The gnoll closely misses you.
You shoot an arrow. The arrow hits the gnoll.
The gnoll is moderately wounded.
The gnoll barely misses you. The gnoll completely misses you.
The gnoll hits you from afar with a +0 spear.
The gnoll misses you.
You shoot an arrow. The arrow hits the gnoll.
The gnoll is severely wounded.
The gnoll misses you. The gnoll closely misses you.
You shoot an arrow. The arrow barely misses the gnoll.
The gnoll hits you from afar with a +0 spear!
The gnoll closely misses you.
You shoot an arrow. The arrow barely misses the gnoll.
The gnoll hits you from afar with a +0 spear.
The gnoll misses you.
You shoot an arrow. The arrow hits the gnoll.
The gnoll is almost dead.
The gnoll closely misses you. The gnoll misses you.
You shoot an arrow. The arrow barely misses the gnoll.
The gnoll barely misses you. The gnoll misses you.
You shoot an arrow. The arrow hits the gnoll.
You kill the gnoll!
The gnoll barely misses you.
You shoot an arrow. The arrow hits the gnoll.
The gnoll is almost dead.
The gnoll hits you from afar with a +0 spear.
You die...

#.#:......\.}.#
#.#...####....#
#.#.... #.._..#
#.#..##.#.##### #
#.#.....#.# #.##
#....####.# .....
##.........#
......#).#########
.....g$@##
.>..).### .#####


You could see a gnoll.

Vanquished Creatures
  An orc priest (D:3)
  2 orc wizards (D:3)
  3 gnolls (D:3)
  6 adders
  3 dart slugs
  11 orcs (D:3)
  8 ball pythons
  6 endoplasms
  A giant cockroach (D:2)
  7 goblins
  6 hobgoblins
  4 jackals (D:3)
  10 kobolds
  3 quokkas (D:1)
  4 bats
  A frilled lizard (D:1)
  8 rats
84 creatures vanquished.

Notes
Turn   | Place    | Note
-------+----------+-------------------------------------------
     0 | D:1      | qw the Spriggan Hunter began the quest for the Orb.
     0 | D:1      | Reached XP level 1. HP: 10/10 MP: 2/2
     0 | D:1      | 0 ||| qw: Version: 0.3-a-155-g5e7d8dd
     0 | D:1      | 0 ||| qw: Game counter: 2126
     0 | D:1      | 0 ||| qw: Melee chars always use a shield: true
     0 | D:1      | 0 ||| qw: God list: Okawaru
     0 | D:1      | 0 ||| qw: Allow faded altars: false
     0 | D:1      | 0 ||| qw: Do Orc after clearing Dungeon:15 true
     0 | D:1      | 0 ||| qw: Do second Lair branch before Depths: true
     0 | D:1      | 0 ||| qw: Lair rune preference: random
     0 | D:1      | 0 ||| qw: Goals: Normal
     0 | D:1      | 0 ||| PLANNING D:1-11
    33 | D:1      | Reached skill level 3 in Dodging
    93 | D:1      | Reached XP level 2. HP: 14/14 MP: 3/3
   625 | D:1      | Reached XP level 3. HP: 18/18 MP: 4/4
   645 | D:1      | 645 ||| UPGRADING to amulet of guardian spirit.
   650 | D:1      | 650 ||| READING 3 scrolls labelled PYXZIA HEMEUL.
   650 | D:1      | 650 ||| IDENTIFYING 2 fizzy cyan potions
   651 | D:1      | 651 ||| READING 2 scrolls of identify.
   651 | D:1      | 651 ||| IDENTIFYING scroll labelled ZUHEWK VADWIEG
   652 | D:1      | 652 ||| READING scroll of identify.
   652 | D:1      | 652 ||| IDENTIFYING scroll labelled JAMAAFUOGA
   653 | D:1      | 653 ||| READING scroll labelled MUFOUGOSAE.
   653 | D:1      | 653 ||| ENCHANTING +0 shortbow.
   654 | D:1      | 654 ||| READING scroll labelled WEUNWE VIPT.
   655 | D:1      | 655 ||| DROPPING scroll of butterflies.
   656 | D:1      | 656 ||| DROPPING scroll of noise.
   657 | D:1      | 657 ||| DROPPING scroll of immolation.
   659 | D:1      | 659 ||| Stepping ~*~*~tactically~*~*~ (cloud).
   913 | D:2      | Reached skill level 5 in Ranged Weapons
   993 | D:2      | Reached XP level 4. HP: 22/22 MP: 5/5
  1041 | D:2      | 1041 ||| READING scroll of enchant weapon.
  1041 | D:2      | 1041 ||| ENCHANTING +1 shortbow.
  1147 | D:2      | 1147 ||| READING scroll labelled RIW ZERRIOBEOS.
  1148 | D:2      | 1148 ||| READING scroll labelled FUECLA DEIFAE.
  1222 | D:3      | HP: 4/23 [orc priest/divine providence (13)]
  1225 | D:3      | Reached XP level 5. HP: 5/27 MP: 1/6
  1230 | D:3      | HP: 6/27 [orc wizard/+0 dagger (1)]
  1231 | D:3      | HP: 2/27 [orc wizard/magic dart (4)]
  1277 | D:3      | 1277 ||| FLEEEEING.
  1278 | D:3      | 1278 ||| FLEEEEING.
  1502 | D:3      | Found a faded altar of an unknown god.
  1535 | D:3      | Reached skill level 6 in Ranged Weapons
  1540 | D:3      | HP: 5/27 [gnoll/+0 spear (7)]
  1541 | D:3      | HP: 2/27 [gnoll/+0 spear (3)]
  1545 | D:3      | Slain by a gnoll

Levels and vault maps discovered:
D:1:      evilmike_arrival_crescent, layout_loops_ring
D:2:      cheibrodos_helix_gallery, layout_rooms
D:3:      layout_basic, serial_shops, shop, ebering_ecumenical_altar_abandoned,
          serial_park_tiny_pond, chequers_mini_garden

Skill      XL: |  1  2  3  4  5 |
---------------+----------------+-----
Dodging        | 3 4 5 |  5.1
Ranged Weapons | 5 6 |  6.0
Fighting       | 2 |  2.3
Stealth        | |  1.5

Action                     |  1- 3 |  4- 6 || total
---------------------------+-------+-------++-------
   Fire: Shortbow          |   104 |   118 ||   222
    Use: Scroll            |     5 |     3 ||     8
 Armour: Robe              |     9 |    17 ||    26
  Dodge: Dodged            |    25 |    49 ||    74

Table legend:
 A = Non-vault XP
 B = Vault XP
 C = Vault XP percentage of total XP
 D = Non-vault monster count
 E = Vault monster count
 F = Vault count percentage of total count
                 A         B        C        D         E       F
            +---------+---------+-------+---------+---------+-------
      Total |     368 |       2 |   0.5 |      82 |       2 |   2.4
            +---------+---------+-------+---------+---------+-------
        D:1 |      45 |       0 |   0.0 |      27 |       0 |   0.0
        D:2 |      67 |       2 |   2.9 |      24 |       2 |   7.7
        D:3 |     256 |       0 |   0.0 |      31 |       0 |   0.0
            +---------+---------+-------+---------+---------+-------
